 Dungeon Crawl Stone Soup version 0.26.1-11-gd32895ea62 (webtiles) character file.

Game seed: 17658637203281102279

40 VeeEM the Firebug (level 3, 0/31 HPs)
             Began as an Ogre Fire Elementalist on May 3, 2021.
             Slain by Terence
             ... wielding a +0 flail
              (5 damage)
             ... on level 2 of the Dungeon.
             The game lasted 00:06:08 (1151 turns).

VeeEM the Firebug (Ogre Fire Elementalist)          Turns: 1151, Time: 00:06:08

Health: 0/31       AC:  3    Str: 12    XL:     3   Next: 50%
Magic:  2/7        EV: 10    Int: 17    God:
Gold:   55         SH:  0    Dex:  9    Spells: 7/8 levels left

rFire    . . .     SeeInvis .   h - +0 spear
rCold    . . .     Faith    .   (no shield)
rNeg     . . .     Spirit   .   a - +0 robe
rPois    .         Reflect  .   (helmet restricted)
rElec    .         Harm     .   (no cloak)
rCorr    .         Rampage  .   (gloves unavailable)
Will     .....                  (boots unavailable)
Stlth    +.........             (no amulet)
HPRegen  0.10/turn              (no ring)
MPRegen  0.10/turn              (no ring)

@: no status effects
A: large, unfitting armour, tough skin 1
a: no special abilities


You were on level 2 of the Dungeon.
You visited 1 branch of the dungeon, and saw 2 of its levels.

You collected 55 gold pieces.

Inventory:

Hand Weapons
 b - a +0 club
 h - a +0 spear (weapon)
Armour
 a - a +0 robe (worn)
Scrolls
 d - a scroll of noise {unknown}
 e - a scroll of teleportation {unknown}
 f - a scroll of enchant weapon {unknown}
Potions
 c - a potion of might {unknown}
 g - a potion of heal wounds {unknown}


   Skills:
 - Level 1.7 Dodging
 - Level 1.4 Stealth
 + Level 3.1 Spellcasting
 + Level 1.8 Conjurations
 + Level 3.2 Fire Magic


You had 7 spell levels left.
You knew the following spells:

 Your Spells              Type           Power        Failure   Level
a - Foxfire               Conj/Fire      44%          6%          1

Your spell library contained the following spells:

 Spells                   Type           Power        Failure   Level
 Conjure Flame            Conj/Fire      11%          19%         3
 Inner Flame              Hex/Fire       8%           26%         3
 Sticky Flame             Conj/Fire      11%          52%         4
 Fireball                 Conj/Fire      5%           86%         5


Dungeon Overview and Level Annotations

Branches:
Dungeon (2/15)

Altars:

Annotations:
D:2 Terence


Innate Abilities, Weirdness & Mutations

You are too large for most types of armour.
You have tough skin. (AC +1)


Message History

Terence is severely wounded.
Terence closely misses you. Terence barely misses you.
Terence screams, "I want your blood!"
A gnoll comes into view. It is wielding a +0 spear.
The gnoll moves out of view.
The gnoll shouts! x2
The gnoll throws a throwing net.
The throwing net barely misses you.
You see here a throwing net.
The ooze hits you. Terence hits you with a +0 flail!
* * * LOW HITPOINT WARNING * * *
The ooze hits you.
* * * LOW HITPOINT WARNING * * *
You see here a leopard gecko corpse.
Terence asks, "Do you want it fast or slow?"
Terence barely misses you.
There is a stone staircase leading up here.
Terence hits you with a +0 flail.
You die...

.......†..###.#
##.# #..
..........# #.
.# #..
........gg## #
...
#..###....g#
.#### ...
#.....##.....
..
#.....#......
#.......†....
#...J@.......
#....@.>.....
#............
#............
#.....#......
########.....
#####


You could see Terence, 3 gnolls and an ooze.

Vanquished Creatures
  An ooze (D:1)
  A worm (D:2)
  A leopard gecko (D:2)
  8 bats
  3 giant cockroaches (D:1)
  4 goblins (D:1)
  2 hobgoblins
  4 kobolds
  2 frilled lizards (D:1)
  3 rats
29 creatures vanquished.

Vanquished Creatures (others)
  77 foxfires
77 creatures vanquished.

Grand Total: 106 creatures vanquished

Notes
Turn   | Place    | Note
-------+----------+-------------------------------------------
     0 | D:1      | VeeEM the Ogre Fire Elementalist began the quest for the
                  | Orb.
     0 | D:1      | Reached XP level 1. HP: 16/16 MP: 3/3
   152 | D:1      | Reached skill level 1 in Conjurations
   284 | D:1      | Reached XP level 2. HP: 24/24 MP: 3/5
   526 | D:1      | You fall into a shaft and drop 1 floor!
   537 | D:2      | Found a faded altar of an unknown god.
   719 | D:1      | Reached XP level 3. HP: 29/31 MP: 5/7
  1118 | D:2      | Noticed Terence
  1151 | D:2      | Slain by Terence

Illustrated notes

Levels and vault maps discovered:
D:1:      erik_arrival_orb_chamber, layout_loops_cross, minmay_heptomino_o4
D:2:      layout_rooms, chequers_ecumenical_altar_simple, uniq_terence

Skill      XL: |  1  2 |
---------------+-------+-----
Conjurations   | 1 |  1.8
Fire Magic     | 3 |  3.2
Spellcasting   | 3 |  3.1
Dodging        | |  1.7
Stealth        | |  1.4

Action                   || total
-------------------------++-------
Melee: Spear             ||    11
       Club              ||     3
 Cast: Foxfire           ||    45
Armor: Robe              ||     3
Dodge: Dodged            ||    14
